 Dungeon Crawl Stone Soup version 0.30-b1-2-g02819fbbbe (webtiles) character file.

Game seed: 3615236944921013528

(classic levelgen) 28016 EnegeticOcto the Severer (level 13, 0/119 HPs)
             Began as a Minotaur Fighter on May 9, 2023.
             Was an Initiate of Gozag.
             Shot with a bolt by an orc knight (7 damage)
             ... on level 2 of the Orcish Mines.
             The game lasted 00:09:49 (12993 turns).

EnegeticOcto the Severer (Minotaur Fighter)        Turns: 12993, Time: 00:09:49

Health: 0/119      AC: 31    Str: 26    XL:     13   Next: 7%
Magic:  3/3        EV:  8    Int:  5    God:    Gozag
Gold:   1397       SH: 13    Dex: 16    Spells: 12/12 levels left

rFire   . . .        a - +8 broad axe (antimagic)
rCold   . . .        P - +0 kite shield {reflect}
rNeg    . . .        K - +8 chain mail {ponderous}
rPois   .            (helmet restricted)
rElec   .            J - +1 cloak {Will+}
rCorr   .            n - +0 pair of gloves
SInv    .            i - +1 pair of boots
Will    +....        I - amulet of regeneration Stlth
                     h - +6 ring of dexterity
HPRegen 1.19/turn    l - +4 ring of protection
MPRegen 0.08/turn

%: reflection
@: slow
A: horns 2, retaliatory headbutt, talons 1, low MP 1
a: Renounce Religion, Potion Petition, Call Merchant, Bribe Branch


You were on level 2 of the Orcish Mines.
You worshipped Gozag.
Gozag was most pleased with you.
You visited 2 branches of the dungeon, and saw 14 of its levels.
You also visited: Gauntlet.

You collected 3256 gold pieces.
You spent 768 gold pieces at shops.
You paid 1091 gold pieces to Gozag.

Inventory:

Hand Weapons
 a - a +8 antimagic broad axe (weapon)
   (You acquired it on level 3 of the Dungeon)
Missiles
 q - 2 throwing nets (quivered)
Armour
 i - a +1 pair of boots (worn)
   (You found it on level 1 of the Dungeon)
 m - a +0 tower shield
   (You found it on level 1 of the Dungeon)
 n - a +0 pair of gloves (worn)
   (You found it on level 5 of the Dungeon)
 J - a +1 cloak of willpower (worn)
   (You found it on level 8 of the Dungeon)
 K - a +8 chain mail of ponderousness (worn)
   (You bought it in a shop on level 4 of the Dungeon)
 P - a +0 kite shield of reflection (worn)
   (You took it off a minotaur in a Gauntlet)
Jewellery
 h - a +6 ring of dexterity (left hand)
   (You found it on level 1 of the Dungeon)
 l - a +4 ring of protection (right hand)
   (You found it on level 4 of the Dungeon)
 F - a ring of protection from fire
   (You found it on level 7 of the Dungeon)
 I - an amulet of regeneration (around neck)
   (You found it on level 8 of the Dungeon)
Wands
 r - a wand of charming (13)
   (You took it off Ijyb on level 3 of the Dungeon)
 u - a wand of polymorph (10)
   (You took it off an orc on level 5 of the Dungeon)
 A - a wand of quicksilver (8) {@v1}
   (You found it on level 5 of the Dungeon)
 L - a wand of iceblast (8) {@v2}
   (You found it on level 10 of the Dungeon)
 M - a wand of flame (8) {@v4}
   (You found it on level 10 of the Dungeon)
 N - a wand of digging (5) {@v3}
   (You found it on level 10 of the Dungeon)
Scrolls
 e - 3 scrolls of silence
 f - 4 scrolls of teleportation {@r3}
 k - a scroll of poison
 o - 6 scrolls of blinking {@r4}
 w - 3 scrolls of identify {@r1}
 y - 4 scrolls of enchant armour
 z - 3 scrolls of immolation
 B - 3 scrolls of fear
 O - a scroll of butterflies
Potions
 b - 3 potions of haste {@q4}
 c - 2 potions of curing {@q1}
 d - 3 potions of might {@q3}
 g - a potion of heal wounds {@q2}
 p - 3 potions of attraction
 s - 2 potions of resistance {@q5}
 v - 4 potions of flight
 x - 4 potions of mutation
 G - a potion of berserk rage
 H - a potion of lignification
Miscellaneous
 Q - a lightning rod (4/4)
   (You found it in a Gauntlet)
 R - a phial of floods
   (You found it in a Gauntlet)


   Skills:
 + Level 12.6 Fighting
 * Level 16.7 Axes
 + Level 12.5 Armour
 + Level 12.5 Shields


You had 12 spell levels left.
You didn't know any spells.
Your spell library was empty.

Dungeon Overview and Level Annotations

Branches:
Dungeon (12/15)            Temple (0/1) D:6            Lair (0/5) D:9
    Orc (2/2) D:9             Elf (0/3) Orc:2       Gauntlet (visited)

Altars:
Gozag
Xom
Yredelemnul

Shops:
D:4 [!??(   D:5 :!:   D:7 !

Annotations:
D:12 3 transporters


Innate Abilities, Weirdness & Mutations

You have a pair of horns on your head.
You reflexively headbutt those who attack you in melee.
You have sharp toenails.
Your magical capacity is low. (-10% MP)


Message History

The orc knight no longer looks unusually strong.
The orc warrior is no longer distracted by gold.
The centaur is distracted by your dazzling golden aura.
The orc knight shoots a bolt.
The bolt hits you but does no damage.
The orc warrior is distracted by your dazzling golden aura.
An orc warrior comes into view. It is wielding a +0 hand axe.
An orc comes into view. It is wielding a +0 arbalest.
The orc shouts!
The centaur shouts!
The centaur is no longer distracted by gold.
The orc warrior is no longer distracted by gold.
The orc is no longer distracted by gold.
The orc knight is no longer distracted by gold. x2
The orc no longer looks unusually strong.
The orc is no longer distracted by gold.
The centaur is distracted by your dazzling golden aura.
The orc knight is distracted by your dazzling golden aura.
The orc warrior is distracted by your dazzling golden aura.
The orc knight roars a battlecry!
The orcs go into a battle-frenzy!
The orc warrior is distracted by your dazzling golden aura.
The orc knight is distracted by your dazzling golden aura.
The orc is distracted by your dazzling golden aura.
The orc warrior shoots a bolt.
The bolt hits you.
The orc knight shouts!
The orc warrior shouts! x2
You barely miss the orc knight.
The orc knight is no longer distracted by gold.
The centaur shouts!
You hit the orc knight.
The orc knight unwields a +0 arbalest.
The orc knight wields a +0 broad axe.
The orc knight hits you with a +0 broad axe.
The orc warrior curses loudly, as Orcs often do.
The orc warrior shoots a bolt.
The bolt completely misses you.
You closely miss the orc knight.
The orc knight is lightly wounded.
You slash the orc knight!
The orc warrior is no longer distracted by gold.
You hit the orc knight.
The orc knight is moderately wounded.
You slash the orc knight!
The orc warrior is no longer distracted by gold.
The orc knight is no longer distracted by gold.
The orc knight unwields a +0 arbalest.
The orc knight wields a +0 broad axe.
The orc knight completely misses you.
The orc warrior shoots a bolt.
You block the bolt with your +0 kite shield of reflection... and reflect it back!
The bolt hits the orc warrior.
The orc knight hits you with a +0 broad axe!
You miss the orc knight. You headbutt the orc knight.
The orc knight is moderately wounded.
You hit the orc knight. You slash the orc knight!
The orc warrior is no longer distracted by gold.
You block the orc warrior's attack.
The orc knight unwields a +0 arbalest.
The orc knight wields a +0 glaive.
The orc knight hits you with a +0 glaive!
The orc warrior shoots a bolt.
The bolt hits you.
An orc comes into view. It is wielding a +0 arbalest.
The orc knight hits you with a +0 broad axe!
The orc knight closely misses you.
You are too injured to fight recklessly!
You are too injured to fight recklessly!
You are too injured to fight recklessly!
You are too injured to fight recklessly!
You are too injured to fight recklessly!
You are too injured to fight recklessly!
You are too injured to fight recklessly!
You are too injured to fight recklessly!
You are too injured to fight recklessly!
You are too injured to fight recklessly!
You are too injured to fight recklessly!
You are too injured to fight recklessly!
You are too injured to fight recklessly!
You are too injured to fight recklessly!
You are too injured to fight recklessly!
Okay, then.
Really read the scroll of immolation?
As you read the scroll of immolation, it crumbles to dust.
The creatures around you are filled with an inner flame!
The orc is no longer distracted by gold.
The orc warrior shoots a bolt.
You block the bolt with your +0 kite shield of reflection... and reflect it back!
The bolt barely misses the orc warrior.
The orc warrior hits you from afar with a +0 glaive of flaming!
The orc warrior burns you.
* * * LOW HITPOINT WARNING * * *
You block the orc knight's attack. The orc knight barely misses you.
The orc knight hits you with a +0 broad axe!!
* * * LOW HITPOINT WARNING * * *
The centaur is no longer distracted by gold.
The orc no longer looks unusually strong.
The centaur shoots an arrow.
You block the arrow with your +0 kite shield of reflection... and reflect it back!
The arrow barely misses the centaur.
The arrow misses the orc warrior.
The orc knight roars a battlecry!
The orc goes into a battle-frenzy!
The orc knight unwields a +0 glaive.
The orc knight wields a +0 arbalest.
The orc knight shoots a bolt.
The bolt hits you.
* * * LOW HITPOINT WARNING * * *
The orc knight unwields a +0 broad axe.
The orc knight wields a +0 arbalest.
The orc knight shoots a bolt.
The bolt hits you!
You die...
Your body crumbles into a pile of gold.

##..##..##...
..##..........≈≈
..#..........≈≈≈
..........≈≈≈≈ .
#......≈≈≈≈#
..#.....≈≈≈≈####
........oooooooo
.......$.ooooooo
.#...$@≈≈≈≈####
.#......≈≈≈≈###
.......$...≈≈≈≈##
..#.....$....≈≈≈# .
##....$$$$co≈≈# ≈≈.
##..##$$##...###...
.........$..........
....................
########......c....#


You could see 3 orc knights, 8 orc warriors, a centaur (inner flame) and 3 orcs.

Vanquished Creatures
  A minotaur (Gauntlet)
  Snorg (D:10)
  Fannar (Orc:1)
  A catoblepas (D:11)
  4 boulder beetles
  5 two-headed ogres
  Nergalle (D:11)
  5 skeletal warriors (D:12)
  Pikel (D:5)
  A cyclops (D:9)
  A deep elf pyromancer (D:9)
  An unseen horror (D:12)
  Maggie (D:10)
  3 gargoyles
  A smoke demon (Gauntlet)
  2 komodo dragons
  3 trolls (D:12)
  Grinder (D:3)
  3 slime creatures (D:12)
  5 shadows
  A wraith (D:10)
  16 yaks
  5 steam dragons
  6 vampire mosquitoes
  An acid dragon (D:11)
  A warg (Orc:2)
  4 water moccasins
  Duvessa (D:4)
  A swamp drake (D:9)
  4 ogres
  20 orc warriors
  A black bear (D:9)
  12 centaurs
  A kobold brigand (D:4)
  7 phantoms
  7 bullfrogs
  A scorpion (D:7)
  Dowan (D:4)
  4 wights (D:9)
  4 howler monkeys
  2 crimson imps (Gauntlet)
  3 jellies
  Crazy Yiuf (D:4)
  7 hounds
  14 orc priests
  10 iguanas
  Ijyb (D:3)
  A gnoll bouda (D:7)
  Natasha (thrice) (D:3)
  22 orc wizards
  5 gnolls
  3 adders
  3 white imps
  An ufetubus (D:4)
  A dart slug (D:3)
  76 orcs
  10 endoplasms
  7 giant cockroaches
  5 hobgoblins
  A jackal (D:3)
  4 kobolds
  4 quokkas
  6 ball pythons
  4 bats
  2 frilled lizards
  10 goblins
  A rat (D:2)
  A spectral orc (D:11)
348 creatures vanquished.

Vanquished Creatures (others)
  5 fungi (D:9)
  3 plants (D:9)
8 creatures vanquished.

Grand Total: 356 creatures vanquished

Notes
Turn   | Place    | Note
-------+----------+-------------------------------------------
     0 | D:1      | EnegeticOcto the Minotaur Fighter began the quest for the
                  | Orb.
     0 | D:1      | Reached XP level 1. HP: 19/19 MP: 0/0
   598 | D:1      | Reached XP level 2. HP: 27/27 MP: 1/1
   931 | D:2      | Reached skill level 3 in Axes
  1277 | D:2      | Reached XP level 3. HP: 33/33 MP: 2/2
  1524 | D:3      | Noticed Grinder
  1532 | D:3      | Killed Grinder
  1533 | D:3      | Reached skill level 4 in Axes
  1533 | D:3      | Reached XP level 4. HP: 8/41 MP: 3/3
  1533 | D:3      | Reached XP level 5. HP: 9/47 MP: 4/4
  1683 | D:3      | Noticed Natasha
  1687 | D:3      | Reached skill level 5 in Axes
  1688 | D:3      | Killed Natasha
  1689 | D:3      | Reached XP level 6. HP: 27/55 MP: 5/5
  1852 | D:3      | Noticed Natasha
  1860 | D:3      | Killed Natasha
  1861 | D:3      | Reached skill level 5 in Armour
  1951 | D:3      | Noticed Ijyb
  1965 | D:3      | Killed Ijyb
  1966 | D:3      | Reached skill level 5 in Fighting
  1966 | D:3      | Reached skill level 5 in Shields
  1970 | D:3      | Gained mutation: Your magical capacity is low. (-10% MP)
                  | [potion of mutation]
  1970 | D:3      | Gained mutation: You have sharp toenails. [potion of
                  | mutation]
  1970 | D:3      | HP: 2/56 [poisoned by Ijyb]
  2235 | D:3      | Noticed Natasha
  2238 | D:3      | Killed Natasha
  2816 | D:3      | Identified a scroll of acquirement
  2816 | D:3      | Acquired a +3 antimagic broad axe
  2953 | D:4      | Found Doggogg's Armour Boutique.
  3085 | D:4      | Found Anaipt's Magic Scroll Shop.
  3116 | D:4      | Bought a scroll of blinking for 90 gold pieces
  3148 | D:4      | Found Idunaick's Distillery.
  3168 | D:4      | Bought a potion of heal wounds for 55 gold pieces
  3180 | D:4      | Found Xydu's Magic Scroll Shoppe.
  3268 | D:4      | Found a shimmering altar of Xom.
  3286 | D:4      | Reached skill level 6 in Axes
  3286 | D:4      | Reached XP level 7. HP: 58/61 MP: 1/5
  3329 | D:4      | Noticed Dowan
  3329 | D:4      | Noticed Duvessa
  3340 | D:4      | Killed Duvessa
  3342 | D:4      | Killed Dowan
  3376 | D:4      | Found a runed translucent door.
  3377 | D:4      | Noticed Crazy Yiuf
  3752 | D:4      | Found Raer's Weapon Shop.
  4094 | D:4      | Killed Crazy Yiuf
  4180 | D:5      | Entered Level 5 of the Dungeon
  4180 | D:5      | Found Koru's Book Emporium.
  4183 | D:5      | Reached skill level 7 in Axes
  4240 | D:5      | Found Dumis's Distillery.
  4326 | D:5      | Reached XP level 8. HP: 70/70 MP: 2/6
  4688 | D:5      | Found a runed translucent door.
  4758 | D:5      | Reached skill level 8 in Axes
  5146 | D:5      | Found Kesketim's Book Boutique.
  5225 | D:5      | Noticed Pikel
  5237 | D:5      | Killed Pikel
  5238 | D:5      | Reached skill level 9 in Axes
  5238 | D:5      | Reached XP level 9. HP: 23/79 MP: 2/7
  5268 | D:5      | HP: 3/79 [poisoned by an orc]
  5543 | D:6      | Found an opulent altar of Gozag.
  5641 | D:6      | Became a worshipper of Gozag Ym Sagoz the Greedy
  5662 | D:6      | Reached skill level 10 in Axes
  5804 | D:6      | Found a staircase to the Ecumenical Temple.
  6169 | D:4      | Bought a scroll of blinking for 90 gold pieces
  6169 | D:4      | Bought a scroll of fear for 48 gold pieces
  6328 | D:7      | Noticed a two-headed ogre
  6332 | D:7      | Killed a two-headed ogre
  6333 | D:7      | Reached skill level 11 in Axes
  6447 | D:7      | Found Goin's Distillery.
  6603 | D:7      | Reached XP level 10. HP: 84/90 MP: 2/8
  6606 | D:7      | Acquired a ring of flight
  8232 | D:9      | Reached skill level 12 in Axes
  8283 | D:9      | Noticed a cyclops
  8289 | D:9      | Killed a cyclops
  8355 | D:9      | Found a staircase to the Lair.
  8489 | D:9      | Noticed a deep elf pyromancer
  8503 | D:9      | Killed a deep elf pyromancer
  8752 | D:9      | Reached skill level 13 in Axes
  8752 | D:9      | Reached XP level 11. HP: 71/99 MP: 2/8
  8779 | D:9      | Found a staircase to the Orcish Mines.
  9196 | D:4      | Bought a scroll of enchant weapon for 90 gold pieces
  9196 | D:4      | Bought a scroll of enchant weapon for 90 gold pieces
  9196 | D:4      | Bought a scroll of enchant armour for 90 gold pieces
  9280 | D:4      | Bought a +8 chain mail of ponderousness for 215 gold pieces
  9478 | D:10     | Entered Level 10 of the Dungeon
  9484 | D:10     | Reached skill level 10 in Fighting
  9530 | D:10     | Reached skill level 10 in Armour
  9530 | D:10     | Reached skill level 10 in Shields
  9715 | D:10     | Noticed Maggie
  9724 | D:10     | Killed Maggie
 10039 | D:10     | Noticed a two-headed ogre
 10044 | D:10     | Killed a two-headed ogre
 10083 | D:10     | Noticed Snorg
 10094 | D:10     | Killed Snorg
 10332 | D:11     | Noticed a boulder beetle
 10348 | D:11     | Killed a boulder beetle
 10349 | D:11     | Reached skill level 14 in Axes
 10382 | D:11     | Noticed a two-headed ogre
 10388 | D:11     | Killed a two-headed ogre
 10403 | D:11     | Noticed Nergalle
 10418 | D:11     | Killed Nergalle
 10419 | D:11     | Found a gate leading to a gauntlet.
 10424 | Gauntlet | Entered a Gauntlet
 10424 | Gauntlet | Found a transporter.
 10424 | Gauntlet | Found a transporter.
 10424 | Gauntlet | Found a runed translucent door.
 10431 | Gauntlet | Found a transporter.
 10446 | Gauntlet | Found a transporter.
 10460 | Gauntlet | Found a transporter.
 10461 | Gauntlet | Found a transporter.
 10461 | Gauntlet | Found a transporter.
 10463 | Gauntlet | Found a transporter.
 10463 | Gauntlet | Found a transporter.
 10478 | Gauntlet | Found a transporter.
 10489 | Gauntlet | Found a runed translucent door.
 10489 | Gauntlet | Noticed a large abomination
 10493 | Gauntlet | Found a transporter.
 10497 | Gauntlet | Noticed a large abomination
 10502 | Gauntlet | Found a transporter.
 10504 | Gauntlet | Noticed a catoblepas
 10516 | Gauntlet | Found a transporter.
 10536 | Gauntlet | Found a transporter.
 10539 | Gauntlet | Found a runed translucent door.
 10707 | Gauntlet | Noticed a minotaur
 10718 | Gauntlet | Killed a minotaur
 10841 | D:11     | Found a basalt altar of Yredelemnul.
 10909 | D:11     | Noticed a catoblepas
 10924 | D:11     | Killed a catoblepas
 10925 | D:11     | Reached XP level 12. HP: 109/110 MP: 3/9
 11006 | D:11     | Reached skill level 15 in Axes
 11018 | D:11     | Noticed a boulder beetle
 11033 | D:11     | Killed a boulder beetle
 11449 | D:12     | Noticed a two-headed ogre
 11451 | D:12     | Noticed a boulder beetle
 11455 | D:12     | Killed a two-headed ogre
 11461 | D:12     | Killed a boulder beetle
 11546 | D:12     | Found a transporter.
 11547 | D:12     | Found a transporter.
 11709 | D:12     | Found a transporter.
 11718 | D:12     | Found a transporter.
 11732 | D:12     | Found a transporter.
 11732 | D:12     | Found a transporter.
 11736 | D:12     | Noticed a boulder beetle
 11750 | D:12     | Killed a boulder beetle
 11766 | D:12     | HP: 2/112 [skeletal warrior/+0 long sword (18)]
 11772 | D:12     | HP: 8/168 [skeletal warrior/+0 long sword (2)]
 11775 | D:12     | Reached skill level 16 in Axes
 12350 | Orc:1    | Entered Level 1 of the Orcish Mines
 12565 | Orc:1    | Noticed Fannar
 12565 | Orc:1    | Noticed a two-headed ogre
 12573 | Orc:1    | Killed Fannar
 12575 | Orc:1    | Killed a two-headed ogre
 12704 | Orc:2    | Entered Level 2 of the Orcish Mines
 12893 | Orc:2    | Found a staircase to the Elven Halls.
 12951 | Orc:2    | Reached XP level 13. HP: 119/119 MP: 3/10
 12993 | Orc:2    | Shot with a bolt by an orc knight

Illustrated notes

Levels and vault maps discovered:
D:1:      minmay_arrival_stone_box, layout_basic, minmay_octomino_c4
D:2:      layout_loops_ring
D:3:      kennysheep_six_static_rooms, layout_basic, serial_glass,
          glass_columns_a, glass_columns_b, glass_columns_b, glass_columns_a,
          uniq_natasha, uniq_grinder, uniq_ijyb
D:4:      layout_basic, overflow_temple_1_default, serial_shops, shop,
          nicolae_shop_real_fake_doors, shop, shop, shop, minmay_puff,
          uniq_duvessa, uniq_crazy_yiuf_cottage
D:5:      minmay_diamond_boxcup, layout_loops_ring, serial_shops,
          nicolae_stop_n_shop_2, nicolae_shop_trees,
          nicolae_shop_back_alley_shop, lightli_church_of_beogh, uniq_pikel
D:6:      layout_rooms, grunt_gozag_breadcrumbs,
          minmay_temple_entry_glassed_door
D:7:      layout_gridville, serial_shops, shop
D:8:      layout_basic
D:9:      layout_basic, grunt_lair_entry_orc_guard_hut, erik_orc_1
D:10:     layout_gridville, uniq_maggie, uniq_snorg
D:11:     layout_basic, gauntlet_entry_generic,
          yredelemnul_forgotten_temple_becter, uniq_nergalle
D:12:     layout_irregular_city, serial_nicolae_subway,
          nicolae_sub_station_metal, nicolae_sub_station_crystal,
          nicolae_sub_station_stone
Orc:1:    layout_caves, basic_altar, nicolae_orc_stony_grotto, uniq_fannar
Orc:2:    st_orc_rangers, layout_diamond_mine, basic_altar

Skill      XL: |  1  2  3  4  5  6  7  8  9 10 11 12 |
---------------+-------------------------------------+-----
Axes           | 3 4 5 6 7 9 11 13 14 16 | 16.7
Armour         | 4 5 6 7 8 9 11 12 | 12.5
Fighting       | 4 5 6 7 8 9 11 12 | 12.6
Shields        | 4 5 6 7 8 9 11 12 | 12.5

Action                     |  1- 3 |  4- 6 |  7- 9 | 10-12 | 13-15 || total
---------------------------+-------+-------+-------+-------+-------++-------
  Melee: War axe           |    60 |    50 |       |       |       ||   110
         Headbutt          |     4 |    14 |    44 |   109 |     7 ||   178
         Broad axe         |       |    13 |   213 |   463 |    28 ||   717
 Invoke: Potion Petition   |       |       |       |     1 |       ||     1
    Use: Scroll            |       |    10 |     5 |    13 |     1 ||    29
         Potion            |       |     3 |     3 |     2 |       ||     8
   Stab: Distracted        |       |       |       |     3 |       ||     3
         Petrified         |       |       |       |     2 |       ||     2
 Armour: Scale mail        |    26 |    34 |       |       |       ||    60
         Chain mail        |       |     3 |   109 |   200 |    19 ||   331
         Skin              |       |       |       |     2 |       ||     2
  Dodge: Dodged            |    21 |    22 |    78 |    83 |    14 ||   218
  Block: Buckler           |    22 |     5 |    57 |     6 |       ||    90
         Tower shield      |       |       |       |   150 |       ||   150
         Kite shield       |       |       |       |    97 |    32 ||   129
         Reflection        |       |       |       |     4 |    20 ||    24
